 Dungeon Crawl Stone Soup version 0.22-a0-455-ga0624bf (webtiles) character file.

94 Mgcat the Chopper (level 4, -2/39 HPs)
             Began as a Hill Orc Berserker on June 5, 2018.
             Was a Believer of Trog.
             Slain by an orc priest
             ... wielding a +0 flail
              (11 damage)
             ... on level 3 of the Dungeon.
             The game lasted 00:02:24 (749 turns).

Mgcat the Chopper (Hill Orc Berserker)               Turns: 749, Time: 00:02:25

Health: -2/39      AC:  2    Str: 20    XL:     4   Next: 63%
Magic:  4/4        EV: 12    Int:  7    God:    Trog [**....]
Gold:   43         SH:  0    Dex: 10    Spells: 3/3 levels left

rFire    . . .     SeeInvis +   a - +0 hand axe
rCold    . . .     Gourm    .   (no shield)
rNeg     . . .     Faith    .   b - +0 animal skin
rPois    .         Spirit   .   (no helmet)
rElec    .         Reflect  .   (no cloak)
rCorr    .         Harm     .   (no gloves)
MR       .....                  (no boots)
Stlth    +.........             (no amulet)
HPRegen  0.13/turn              k - ring of see invisible {sInv, !d}
MPRegen  0.09/turn              (no ring)

@: no status effects
A: no striking features
a: Berserk, Trog's Hand, Renounce Religion, Convert to Beogh


You were on level 3 of the Dungeon.
You worshipped Trog.
Trog was pleased with you.
You were not hungry.

You visited 1 branch of the dungeon, and saw 3 of its levels.

You collected 43 gold pieces.

Inventory:

Hand Weapons
 a - a +0 hand axe (weapon)
Armour
 b - a +0 animal skin (worn)
Jewellery
 k - a ring of see invisible (left hand) {sInv, !d}
   (You took it off a goblin on level 2 of the Dungeon)
Scrolls
 g - a scroll of noise {unknown}
 i - a scroll of fog {unknown}
 j - 2 scrolls of teleportation {unknown}
 l - a scroll of blinking {unknown}
Potions
 e - a potion of curing {unknown}
 f - a potion of agility {unknown}
 h - a potion of flight {unknown}
Comestibles
 c - a ration
 d - 3 chunks of flesh {@w0}


   Skills:
 - Level 3.6 Fighting
 + Level 7.0 Axes
 - Level 2.1 Armour
 - Level 1.5 Dodging


You had 3 spell levels left.
You didn't know any spells.
Your spell library contained the following spells:

 Spells                   Type           Power        Failure   Level  Hunger
 Confuse                  Hex            #.......     80%         3    ####...
 Confusing Touch          Hex            #.....       43%         1    ##.....
 Metabolic Englaciation   Hex/Ice        #.........   100%        5    ######.
 Petrify                  Tmut/Erth      #.......     99%         4    #####..
 Gell's Gravitas          Tloc           #.........   80%         3    ####...
 Yara's Violent Unravell  Hex/Tmut       #.........   100%        5    ######.


Dungeon Overview and Level Annotations

Branches:
Dungeon (3/15)

Altars:


Message History

Some of the chunks of flesh in your inventory have rotted away.
You hit the gnoll.
The gnoll is moderately wounded.
You hit the gnoll but do no damage. The gnoll hits you with a whip.
You barely miss the gnoll.
The gnoll is moderately wounded.
You slash the gnoll!
The gnoll hits you from afar with a spear!
The gnoll hits you with a whip. x2
You are too injured to fight recklessly!
You are too injured to fight recklessly!
You are too injured to fight recklessly!
You slash the gnoll!
You kill the gnoll!
Trog accepts your kill.
You closely miss the gnoll.
The gnoll hits you from afar with a spear.
The gnoll hits you with a whip.
You slash the gnoll!
You kill the gnoll!
Trog accepts your kill. The gnoll barely misses you.
The goblin closely misses you.
You see here a whip.
You slice the gnoll!!
You kill the gnoll!
Trog accepts your kill.
You slash the goblin!
You kill the goblin!
Trog accepts your kill.
k - a glowing gilded ring You see here a goblin corpse.
Unknown command.
You feel a strong urge to attack something.
There isn't anything here!
You are no longer berserk.
You are exhausted.
You feel yourself slow down.
You see here a goblin corpse.
There are no objects that can be picked up here. a goblin corpse You butcher the goblin corpse.
d - 8 chunks of flesh {@w0} (gained 2)
You see here a whip.
You see here a rat corpse.
You butcher the rat corpse.
d - 9 chunks of flesh {@w0} (gained 1)
You see here a rat skeleton.
Eating one of 9 chunks of flesh {@w0}.
You eat one of the 9 chunks of flesh {@w0}.
This raw flesh tastes terrible.
Put on which piece of jewellery? (? for menu, Esc to quit)
k - a ring of see invisible (left hand)
You feel yourself speed up.
You recover from your berserk rage.
Some of the chunks of flesh in your inventory have rotted away.
l - a scroll labeled YPYNNO PUAROGH
There is a stone staircase leading down here.
You climb downwards.
A kobold comes into view. It is wielding a whip.
There is a stone staircase leading up here.
An ooze comes into view.
An orc priest comes into view. It is wielding a flail.
The ooze quivers.
The orc priest shouts, "Surrender to Beogh and we'll let you live!" (press Y on the ability menu to convert to Beogh)
The orc priest shouts!
You hear a shout!
An orc comes into view. It is wielding a hand axe of chopping.
Unknown command.
Unknown command.
Unknown command.
The ooze barely misses you.
You hit the ooze but do no damage. The ooze barely misses you.
You hit the ooze.
The ooze is heavily wounded.
An orc comes into view. It is wielding a falchion.
You hit the ooze.
The ooze is almost dead.
You closely miss the kobold. The ooze hits you but does no damage.
The kobold hits you with a whip.
You are too injured to fight recklessly!
You are too injured to fight recklessly!
The orc priest shouts, "Surrender to Beogh and we'll let you live!"
You slash the ooze!
You kill the ooze!
Trog accepts your kill.
You can now call upon Trog for regeneration and magic resistance.
Your Axes skill increases to level 7!
You hit the kobold but do no damage. The kobold hits you with a whip.
You hit the kobold.
You kill the kobold!
Trog accepts your kill.
An orc comes into view. It is wielding a mace.
The orc priest hits you with a flail.
You barely miss the orc priest.
The orc shouts!
The orc priest hits you with a flail!
* * * LOW HITPOINT WARNING * * *
Some of the chunks of flesh in your inventory have rotted away.
You closely miss the orc priest. The orc priest hits you with a flail!
You die...

#..o..
#.o..##
#.....
#....#
#....# #
#....# .#
###oo.##.#
#..@)...$#
#.#.#....#
#...+<...#
###+#....#
...!.#
......#
.......#
#........
#(........


You could see an orc priest and 3 orcs.

Vanquished Creatures
  Terence (D:2)
  An adder (D:2)
  3 gnolls (D:2)
  An ooze (D:3)
  A worm (D:2)
  A dart slug (D:1)
  A leopard gecko (D:1)
  A giant cockroach (D:1)
  3 goblins (D:2)
  A hobgoblin (D:1)
  4 kobolds
  3 bats
  A frilled lizard (D:1)
  4 rats
26 creatures vanquished.

Notes
Turn   | Place    | Note
-------+----------+-------------------------------------------
     0 | D:1      | Mgcat the Hill Orc Berserker began the quest for the Orb.
     0 | D:1      | Reached XP level 1. HP: 19/19 MP: 1/1
   163 | D:1      | Reached XP level 2. HP: 25/26 MP: 2/2
   394 | D:2      | Reached skill level 5 in Axes
   481 | D:2      | Noticed Terence
   485 | D:2      | Killed Terence
   485 | D:2      | Reached skill level 6 in Axes
   485 | D:2      | Reached XP level 3. HP: 31/31 MP: 3/3
   612 | D:2      | Reached XP level 4. HP: 35/39 MP: 4/4
   745 | D:3      | Reached ** piety under Trog
   745 | D:3      | Reached skill level 7 in Axes
   748 | D:3      | HP: 9/39 [orc priest/flail (10)]
   749 | D:3      | Slain by an orc priest

Vault maps used:
D:1:      dpeg_arrival_tiny_k, serial_co_window_serial, co_window_corner_a,
          co_window_corner_a, co_window_paths_b, co_window_corner_a,
          co_window_paths_a, co_window_2corner, co_window_cross_2,
          co_window_2corner, co_window_corner_cb, co_window_corner_ca,
          co_window_broadway_c, co_window_paths_d, glass_columns_c,
          glass_columns_a, glass_columns_a, minmay_heptomino_h4
D:2:      uniq_terence
D:3:      cheibrodos_pilgrimage, nicolae_overflow_quartered_altars,
          uniq_sigmund, uniq_grinder

Skill      XL: |  1  2  3  4 |
---------------+-------------+-----
Axes           | 6 7 |  7.0
Fighting       | |  3.6
Armour         | |  2.1
Dodging        | |  1.5

Action                   |  1- 3 |  4- 6 || total
-------------------------+-------+-------++-------
Melee: Hand axe          |    58 |    13 ||    71
Invok: Berserk           |     1 |     1 ||     2
  Eat: Chunk             |       |     1 ||     1
Armor: Animal skin       |    11 |     2 ||    13
Dodge: Dodged            |    36 |     5 ||    41

Table legend:
 A = Spawn XP
 B = Non-spawn XP
 C = Spawn XP percentage of total XP
 D = Spawn monster count
 E = Non-spawn monster count
 F = Spawn count percentage of total count
 G = Total turns spent on level
                    A         B        C        D         E        F      G
               +---------+---------+-------+---------+---------+-------+---------
         Total |       0 |     135 |   0.0 |       0 |      26 |   0.0 |   749
               +---------+---------+-------+---------+---------+-------+---------
           D:1 |       0 |      18 |   0.0 |       0 |      10 |   0.0 |   379
           D:2 |       0 |     109 |   0.0 |       0 |      14 |   0.0 |   359
           D:3 |       0 |       8 |   0.0 |       0 |       2 |   0.0 |    11
               +---------+---------+-------+---------+---------+-------+---------

Vault maps used:
D:1:      dpeg_arrival_tiny_k, serial_co_window_serial, co_window_corner_a,
          co_window_corner_a, co_window_paths_b, co_window_corner_a,
          co_window_paths_a, co_window_2corner, co_window_cross_2,
          co_window_2corner, co_window_corner_cb, co_window_corner_ca,
          co_window_broadway_c, co_window_paths_d, glass_columns_c,
          glass_columns_a, glass_columns_a, minmay_heptomino_h4
D:2:      uniq_terence
D:3:      cheibrodos_pilgrimage, nicolae_overflow_quartered_altars,
          uniq_sigmund, uniq_grinder

Table legend:
 A = Turns spent in this place as a percentage of turns spent in the entire game.
 B = Non-inter-level travel turns spent in this place as a percentage of non-inter-level travel turns spent in the entire game.
 C = Inter-level travel turns spent in this place as a percentage of turns spent in this place.
 D = Turns resting spent in this place as a percentage of non-inter-level travel turns spent in this place.
 E = Turns spent auto-exploring this place as a percentage of non-inter-level travel turns spent in this place.
 F = Non-inter-level travel turns spent in this place divided by the number of levels of this place that you've seen.
                   A       B       C       D       E      F
               +-------+-------+-------+-------+-------+----------------------
         Total | 100.0 | 100.0 |   6.7 |   0.0 |  72.7 | 233.0
       Dungeon | 100.0 | 100.0 |   6.7 |   0.0 |  72.7 | 233.0
               +-------+-------+-------+-------+-------+----------------------

Table legend:
 A = Kills in this place as a percentage of kills in entire the game.
 B = Kills by you in this place as a percentage of kills by you in the entire game.
 C = Kills by friends in this place as a percentage of kills by friends in the entire game.
 D = Other kills in this place as a percentage of other kills in the entire game.
 E = Experience gained in this place as a percentage of experience gained in the entire game.
 F = Experience gained in this place divided by the number of levels of this place that you have seen.
                   A       B       C       D       E      F
               +-------+-------+-------+-------+-------+----------------------
         Total | 100.0 | 100.0 |   N/A |   N/A | 100.0 |  45.0
       Dungeon | 100.0 | 100.0 |   N/A |   N/A | 100.0 |  45.0
               +-------+-------+-------+-------+-------+----------------------
